 Dungeon Crawl Stone Soup version 0.17-a0-737-gf0a300a (webtiles) character file.

399 Ngotmuk the Shield-Bearer (level 6, 0/57 HPs)
             Began as a Deep Dwarf Fighter on Apr 27, 2015.
             Killed from afar by Sigmund (7 damage)
             ... with a magic dart
             ... on level 4 of the Dungeon.
             The game lasted 00:06:06 (2453 turns).

Ngotmuk the Shield-Bearer (Deep Dwarf Fighter)      Turns: 2453, Time: 00:06:07

Health: 0/57       AC: 10    Str: 22    XL:     6   Next: 53%
Magic:  6/6        EV:  7    Int:  8    God:
Gold:   153        SH: 10    Dex: 12    Spells: 0 memorised, 5 levels left

rFire  . . .     SeeInvis .     a - +0 war axe
rCold  . . .     Clarity  .     C - +0 chain mail
rNeg   . . .     SustAb   .     c - +0 shield
rPois  .         Gourm    .     (no helmet)
rElec  .         Spirit   .     k - +0 cloak
rCorr  .         Warding  .     (no gloves)
rMut   .         Stasis   .     (no boots)
MR     .....                    (no amulet)
Stlth  ..........               B - ring of flight
                                g - ring of wizardry

@: non-regenerating, not resistant to hostile enchantments, extremely unstealthy
A: damage resistance, recharge devices, sense surroundings 1, slow healing 3
a: Device Recharging, Evoke Flight


You were on level 4 of the Dungeon.
You were not hungry.

You visited 1 branch of the dungeon, and saw 5 of its levels.

You collected 153 gold pieces.

Inventory:

Hand weapons
 a - a +0 war axe (weapon)
Armour
 c - a +0 shield (worn)
 k - a +0 cloak (worn)
 C - a +0 chain mail (worn)
Jewellery
 g - a ring of wizardry (left hand)
 B - a ring of flight (right hand)
Magical devices
 e - a wand of heal wounds (4)
Scrolls
 b - a scroll of fear {unknown}
 h - a scroll of enchant armour {unknown}
 i - 2 scrolls of remove curse {unknown}
 j - 2 scrolls of teleportation {unknown}
 m - 5 scrolls of identify {unknown}
 r - a scroll of amnesia {unknown}
 s - a scroll of noise {unknown}
 w - a scroll of magic mapping {unknown}
 y - a scroll of recharging {unknown}
 D - a scroll of enchant weapon {unknown}
Potions
 d - 2 potions of might
 n - a potion of flight {unknown}
 o - a potion of curing {unknown}
 p - a potion of heal wounds {unknown}
 q - a potion of agility {unknown}
 t - a potion of lignification {unknown}
 u - 2 potions of brilliance {unknown}
 v - 2 potions of degeneration {unknown}
 x - a potion of mutation {unknown}
Comestibles
 f - 3 bread rations
 l - a meat ration
 z - a beef jerky
 A - a slice of pizza


   Skills:
 + Level 3.7 Fighting
 + Level 3.8 Axes
 + Level 4.5 Armour
 + Level 3.1 Dodging
 + Level 4.9 Shields


You had 5 spell levels left.
You didn't know any spells.

Dungeon Overview and Level Annotations

Branches:
Dungeon (5/15)
 Temple: D:4-7

Altars:

Annotations:
D:4 Sigmund


Innate Abilities, Weirdness & Mutations

You are resistant to damage.
You can recharge devices by infusing magical energy.
You passively map a small area around you.
You do not heal naturally.


Message History

You hear the slow rusting of a very distant drain.
Found a scroll labeled ETROUZXIUPA.
There is a stone staircase leading up here.
Sigmund the Dreaded comes into view.
He is wielding a scythe.
Sigmund hits you from afar with a scythe.
* * * LOW HITPOINT WARNING * * *
You see here a scroll labeled ETROUZXIUPA.
You slash Sigmund!
Sigmund is heavily wounded.
You block Sigmund's attack.
You closely miss Sigmund.
Sigmund is heavily wounded.
Sigmund says, "Your kind have come here before.
I understand now why.
You desire death..."
Sigmund hits you with a scythe.
* * * LOW HITPOINT WARNING * * *
You slash Sigmund!
Sigmund is severely wounded.
Sigmund casts a spell at you. The magic dart hits you!
You die...

.# , , , , * .#
,, , .# * , <#
* * ,, ,, # *
.# , , *.# .# *
,* , ##.# .# *,
*** ... .. *
#######@## * .#
* #.....@..## *
##
##<............
#.#.##.######
#.#.#*.#* * * *
* #.#..,..,
..####.## * , *
, ### .# .# . *


You could see Sigmund.

Vanquished Creatures
  The ghost of Leibowitz the Shield-Bearer, an average HaFi (D:3)
  A scorpion (D:4)
  A hound (D:5)
  A worker ant (D:5)
  8 adders
  3 gnolls (D:3)
  A worm (D:2)
  4 giant geckos
  7 hobgoblins
  7 jackals
  11 kobolds
  2 quokkas
  5 bats
  4 giant cockroaches (D:1)
  7 giant newts
  6 goblins
  9 rats
78 creatures vanquished.

Notes
Turn   | Place    | Note
--------------------------------------------------------------
     0 | D:1      | Ngotmuk, the Deep Dwarf Fighter, began the quest for the Orb.
     0 | D:1      | Reached XP level 1. HP: 20/20 MP: 1/1
   284 | D:1      | Reached XP level 2. HP: 18/27 MP: 2/2
   317 | D:1      | Reached skill level 1 in Dodging
   658 | D:2      | Reached XP level 3. HP: 20/33 MP: 3/3
  1250 | D:2      | Reached skill level 4 in Shields
  1250 | D:2      | Reached XP level 4. HP: 17/42 MP: 4/4
  1656 | D:3      | Noticed Leibowitz's ghost (average HaFi)
  1680 | D:3      | Killed Leibowitz's ghost
  1680 | D:3      | Reached XP level 5. HP: 17/49 MP: 5/5
  1917 | D:3      | Reached XP level 6. HP: 16/56 MP: 6/6
  2115 | D:3      | You fall through a shaft for 2 floors!
  2115 | D:5      | Entered Level 5 of the Dungeon
  2449 | D:4      | Noticed Sigmund
  2453 | D:4      | Killed from afar by Sigmund

Action                   |  1- 3 |  4- 6 || total
-------------------------+-------+-------++-------
Melee: War axe           |   132 |   160 ||   292
Evoke: Wand              |       |     1 ||     1
  Eat: Pizza             |     1 |       ||     1
       Meat ration       |       |     1 ||     1
